 Dungeon Crawl Stone Soup version 0.27-a0-1513-g2aaa0cc67b (webtiles) character file.

Game seed: 17345753534373326514

1336 nyamberluvr69 the Nimble (level 8, -3/52 HPs)
             Began as an Octopode Berserker on July 9, 2021.
             Was a Priest of Trog.
             Slain by a hound (5 damage)
             ... on level 6 of the Dungeon.
             The game lasted 00:08:34 (6829 turns).

nyamberluvr69 the Nimble (Octopode Berserker)       Turns: 6829, Time: 00:08:34

Health: -3/52      AC:  1    Str: 17    XL:     8   Next: 61%
Magic:  17/17      EV: 17    Int:  9    God:    Trog [***...]
Gold:   267        SH:  0    Dex: 13    Spells: 7/7 levels left

rFire    . . .     SeeInvis .   a - +0 falchion
rCold    . . .     Faith    .   (no shield)
rNeg     . . .     Spirit   .   (helmet restricted)
rPois    .         Reflect  .   (no amulet)
rElec    .         Harm     .   j - ring of magical power
rCorr    .         Rampage  .   (no ring)
Will     .....                  (no ring)
Stlth    ++........             (no ring)
HPRegen  0.17/turn              (no ring)
MPRegen  0.15/turn              (no ring)
                                (no ring)
                                (no ring)

@: lethally poisoned (-3 -> -11), hasted, very quick
A: almost no armour, amphibious, 8 rings, camouflage 1, gelatinous body 1,
(nimble swimmer 1), tentacles
a: Renounce Religion, Berserk, Trog's Hand


You were on level 6 of the Dungeon.
You worshipped Trog.
Trog was most pleased with you.
You visited 1 branch of the dungeon, and saw 6 of its levels.

You collected 267 gold pieces.

Inventory:

Hand Weapons
 a - a +0 falchion (weapon)
Jewellery
 j - a ring of magical power (left tentacle)
 n - a ring of wizardry
Wands
 r - a wand of flame (13)
Scrolls
 b - 2 scrolls of fear {unknown}
 c - a scroll of holy word {unknown}
 e - 4 scrolls of identify {unknown}
 f - 2 scrolls of blinking {unknown}
 g - a scroll of teleportation {unknown}
 h - a scroll of immolation {unknown}
 i - 2 scrolls of magic mapping {unknown}
 l - 2 scrolls of brand weapon {unknown}
 m - a scroll of enchant weapon {unknown}
 p - a scroll of acquirement {unknown}
 s - a scroll of noise {unknown}
 t - a scroll of fog {unknown}
Potions
 d - 6 potions of haste
 k - 3 potions of curing {unknown}
 o - a potion of mutation {unknown}
 q - 2 potions of lignification {unknown}


   Skills:
 - Level 3.4 Fighting
 - Level 3.4 Long Blades
 + Level 10.3 Dodging


You had 7 spell levels left.
You didn't know any spells.
Your spell library was empty.

Dungeon Overview and Level Annotations

Branches:
Dungeon (6/15)
 Temple: D:4-7

Altars:
Makhleb

Shops:
D:3 [


Innate Abilities, Weirdness & Mutations

You cannot wear most types of armour.
You are amphibious.
You can wear up to eight rings at the same time.
Your skin changes colour to match your surroundings (Stealth+).
Your rubbery body absorbs attacks. (AC +1, EV +1)
((You are camouflaged near water. (Stealth+)))
You have tentacles for arms and can constrict up to eight enemies at once.


Message History

You hit the gnoll shaman.
You squeeze the gnoll shaman, but do no damage.
The gnoll shaman is moderately wounded.
You constrict the gnoll shaman.
The gnoll shaman hits you with a +0 club.
You hit the gnoll shaman.
You squeeze the gnoll shaman, but do no damage.
The gnoll shaman is severely wounded.
You constrict the gnoll shaman. The scorpion stings you!
You are poisoned.
The scorpion poisons you!
The gnoll shaman mumbles some strange prayers to its god against you.
You resist with some effort.
You release your grip on the gnoll shaman.
You feel very sick. The scorpion stings you.
You feel very sick.
The gnoll shaman prays to its god.
The gnoll shaman is healed somewhat.
The scorpion stings you!
You feel sick.
There is an open door here.
You feel sick.
You feel sick.
You feel sick.
You feel sick.
You feel sick. The scorpion stings you!
* * * LOW HITPOINT WARNING * * *
You are lethally poisoned!
The scorpion poisons you!
* * * LOW HITPOINT WARNING * * *
You feel very sick. The hound barely misses you.
You riposte.
You hit the hound. You grab the hound.
The hound is heavily wounded.
Okay, then.
Unknown command.
It was a potion of haste.
You feel yourself speed up.
You constrict the hound.
* * * LOW HITPOINT WARNING * * *
You feel sick. The hound bites you.
You die...

#..##.......###..
#..##.##.........
...##.###########
########## ...#...+
##.'..#..$# ...#...##
##.g##...# ##.##...#
##.l..#.g## ..<##...##
##.....##h...#
##.###...#
##h......#..### #.#
#...## ##@s......##.#
#.# ##(..#
##......#..)#.. #.#
#...####......##...##.#
#.# ##...##......##
#...#.. #.#
#...#......## ...##.#
#.# ##........## ...
#.......## ##.....##
#....##


You could see a gnoll shaman, a scorpion, an iguana and a hound.

Vanquished Creatures
  Sigmund (D:4)
  A steam dragon (D:4)
  An ice beast (D:5)
  3 ogres (D:4)
  A necrophage (D:5)
  A phantom (D:5)
  A hound (D:4)
  2 jellies (D:4)
  3 iron imps (D:3)
  3 iguanas
  A hound skeleton (D:5)
  3 gnolls (D:4)
  10 adders
  A shadow imp (D:5)
  2 worms
  4 dart slugs
  8 orcs
  3 ball pythons
  7 bats
  18 endoplasms
  11 giant cockroaches
  8 hobgoblins
  10 jackals
  2 quokkas
  2 frilled lizards
  5 goblins
  8 kobolds
  7 rats
127 creatures vanquished.

Vanquished Creatures (others)
  A fungus (D:4)
  4 toadstools (D:4)
5 creatures vanquished.

Grand Total: 132 creatures vanquished

Notes
Turn   | Place    | Note
-------+----------+-------------------------------------------
     0 | D:1      | nyamberluvr69 the Octopode Berserker began the quest for
                  | the Orb.
     0 | D:1      | Reached XP level 1. HP: 16/16 MP: 1/1
   329 | D:1      | Reached XP level 2. HP: 16/21 MP: 2/2
   837 | D:1      | Reached XP level 3. HP: 16/26 MP: 3/3
  1485 | D:2      | Reached skill level 4 in Dodging
  1485 | D:2      | Reached XP level 4. HP: 31/31 MP: 4/4
  1776 | D:2      | Found a faded altar of an unknown god.
  2162 | D:3      | Reached ** piety under Trog
  2425 | D:3      | Found Caitid's Antique Armour Shoppe.
  2498 | D:3      | Reached XP level 5. HP: 34/36 MP: 5/5
  2501 | D:3      | Reached skill level 5 in Dodging
  2615 | D:3      | Found a burning altar of Makhleb.
  2997 | D:4      | Noticed an ogre
  2998 | D:4      | Noticed an ogre
  3008 | D:4      | Killed an ogre
  3009 | D:4      | Reached skill level 6 in Dodging
  3009 | D:4      | Reached XP level 6. HP: 19/42 MP: 6/6
  3012 | D:4      | Reached skill level 7 in Dodging
  3278 | D:4      | Noticed Sigmund
  3281 | D:4      | Noticed a steam dragon
  3578 | D:4      | Killed Sigmund
  3579 | D:4      | Reached XP level 7. HP: 46/46 MP: 7/7
  3759 | D:4      | Reached skill level 8 in Dodging
  3875 | D:4      | Reached *** piety under Trog
  4208 | D:4      | Killed a steam dragon
  4209 | D:4      | Reached skill level 9 in Dodging
  4209 | D:4      | Reached XP level 8. HP: 9/52 MP: 8/8
  5295 | D:5      | Entered Level 5 of the Dungeon
  6031 | D:5      | Reached skill level 10 in Dodging
  6829 | D:6      | HP: 2/52 [poisoned by a scorpion]
  6829 | D:6      | Slain by a hound

Illustrated notes

Levels and vault maps discovered:
D:1:      scummos_arrival_forest, layout_loops_ring
D:2:      layout_rooms, chequers_ecumenical_altar_twisty, st_stairs_1
D:3:      minmay_roachtagon, layout_basic, demons_altar, serial_shops, shop
D:4:      cheibrodos_fertilizer, layout_cave_pools, uniq_sigmund
D:5:      layout_basic
D:6:      minmay_razor_zed, layout_basic, minmay_temple_entry_fiery

Skill      XL: |  1  2  3  4  5  6  7  8 |
---------------+-------------------------+-----
Dodging        | 4 6 7 9 10 | 10.3
Fighting       | |  3.4
Long Blades    | |  3.4

Action                   |  1- 3 |  4- 6 |  7- 9 || total
-------------------------+-------+-------+-------++-------
Melee: Falchion          |    49 |    78 |   136 ||   263
       Constrict         |    12 |    26 |    27 ||    65
       Tentacles         |    10 |    17 |    40 ||    67
Invok: Berserk           |       |     4 |     4 ||     8
       Trog's Hand       |       |     1 |       ||     1
  Use: Potion            |       |       |     1 ||     1
 Stab: Sleeping          |     5 |     4 |     4 ||    13
Armor: Skin              |     3 |     3 |     1 ||     7
Dodge: Dodged            |    19 |    52 |    86 ||   157
       Rpst.: Falchion   |     7 |    21 |    27 ||    55

Table legend: (Time is in decaauts)
 A = Elapsed time spent in this place.
 B = Non-inter-level travel time spent in this place.
 C = Inter-level travel time spent in this place.
 D = Time resting spent in this place.
 E = Time spent auto-exploring this place.
 F = Levels seen in this place.
 G = Mean time per level.
                   A        B        C        D        E       F      G
               +--------+--------+--------+--------+--------+-----+--------+
         Total |   6924 |   6786 |    138 |   2365 |   3483 |   6 | 1154.0 |
       Dungeon |   6924 |   6786 |    138 |   2365 |   3483 |   6 | 1154.0 |
               +--------+--------+--------+--------+--------+-----+--------+

Top non-repeatable levels by time:
     D:4: 1864 daAuts
     D:3: 1573 daAuts
     D:5: 1443 daAuts
     D:1: 1228 daAuts
     D:2: 706 daAuts
     D:6: 109 daAuts
